 Dungeon Crawl Stone Soup version 0.27-a0-1191-g601b473118 (webtiles) character file.

Game seed: 7268279906597314848

95 spiderkeys the Chopper (level 4, -7/35 (41) HPs)
             Began as a Hill Orc Monk on May 24, 2021.
             Splashed by a jelly's acid (11 damage)
             ... on level 3 of the Dungeon.
             The game lasted 00:02:25 (3421 turns).

spiderkeys the Chopper (Hill Orc Monk)              Turns: 3421, Time: 00:02:25

HP:   -7/35 (41)    AC: -1    Str: 14    XL:     4   Next: 66%
MP:   4/4           EV: 12    Int: 10    God:
Gold: 73            SH:  0    Dex: 13    Spells: 3/3 levels left

rFire    . . .     SeeInvis .   a - +0 hand axe
rCold    . . .     Faith    .   (no shield)
rNeg     . . .     Spirit   .   b - +0 robe
rPois    .         Reflect  .   (no helmet)
rElec    .         Harm     .   (no cloak)
rCorr    .         Rampage  .   (no gloves)
Will     .....                  (no boots)
Stlth    ++........             (no amulet)
HPRegen  0.11/turn              (no ring)
MPRegen  0.09/turn              (no ring)

@: corroded, heavily drained
A: no striking features
a: no special abilities


You were on level 3 of the Dungeon.
You visited 1 branch of the dungeon, and saw 3 of its levels.

You collected 73 gold pieces.


   Skills:
 + Level 4.7 Fighting
 + Level 5.1 Axes
 + Level 2.4 Armour
 - Level 2.4 Dodging
 - Level 1.5 Stealth


You had 3 spell levels left.
You didn't know any spells.
Your spell library was empty.

Inventory:

Hand Weapons
 a - a +0 hand axe (weapon)
Missiles
 e - 19 poisoned darts (quivered)
 f - 7 boomerangs
 j - 42 stones
Armour
 b - a +0 robe (worn)
Scrolls
 c - a scroll of teleportation {unknown}
 d - a scroll of enchant weapon {unknown}
 g - a scroll of fog {unknown}
 i - a scroll of enchant armour {unknown}
 k - 2 scrolls of magic mapping {!r}
 l - a scroll of identify {unknown}
Potions
 h - 2 potions of curing {unknown}
 m - a potion of brilliance {unknown}
 n - a potion of cancellation {unknown}

Dungeon Overview and Level Annotations

Branches:
Dungeon (3/15)

Altars:

Annotations:
D:3 Robin

#....# #....#
#....# ##...#
#...#
########..###.##
....>...>......#
.######J#.######
#.@.#...
#†########## #)#
#.....# #.#
#.###.# #.#
#.###.# #.#
#.#<..# #.#
#.....#
#.########.#
#..........#


You could see a jelly.


Message History

The hobgoblin shouts!
You hear a shout!
You completely miss the endoplasm. The endoplasm barely misses you.
You hit the endoplasm but do no damage. The endoplasm closely misses you.
You hit the hobgoblin but do no damage. You hit the endoplasm but do no damage.
The endoplasm jiggles.
The endoplasm freezes you.
You are frozen.
The hobgoblin hits you. 😕 HP[-8]
You take 8 damage, and now have 27/35 hp.
MASSIVE DAMAGE!! (PAUSE)
You closely miss the hobgoblin. You hit the endoplasm but do no damage.
The endoplasm freezes you.
You are frozen.
The hobgoblin closely misses you. 😮 HP[-3]
You take 3 damage, and now have 24/35 hp.
You hit the hobgoblin. You hit the endoplasm. The endoplasm freezes you.
You are frozen.
The hobgoblin hits you but does no damage. 😮 HP[-5]
You take 5 damage, and now have 19/35 hp.
You closely miss the hobgoblin. You hit the endoplasm.
You kill the endoplasm!
The hobgoblin barely misses you.
You closely miss the hobgoblin.
The hobgoblin hits you but does no damage. 😮 HP[+1]
You barely miss the hobgoblin.
The hobgoblin hits you but does no damage.
You hit the hobgoblin. The hobgoblin closely misses you.
You barely miss the hobgoblin. The hobgoblin closely misses you.
The hobgoblin misses you.
You hit the hobgoblin.
You kill the hobgoblin!
You start resting.
A goblin is nearby! 😮 HP[+1]
You start resting.
A dart slug comes into view. 😮 HP[+3]
You regained 3 hp, and now have 24/35 hp.
A dart slug is nearby!
Things that are here:
a +2 dagger of draining; a +0 club; a +0 dagger 😮 HP[+1]
You start resting.
A dart slug is nearby! 😕 HP[+8]
You regained 8 hp, and now have 33/35 hp. 😕 HP[+1]
The dart slug misses you.
Things that are here:
a +2 dagger of draining; a +0 club; a +0 dagger You completely miss the dart slug.
The dart slug launches a dart at you. The slug dart hits you. 😕 HP[-4]
You take 4 damage, and now have 30/35 hp.
You hit the dart slug. The dart slug bites you. 😕 HP[-3]
You take 3 damage, and now have 27/35 hp.
You slash the dart slug!
You kill the dart slug!
No target in view!
No target in view!
A jelly comes into view. 😕 HP[+1]
A jelly is nearby!
A jelly is nearby!
You see here a dart slug corpse.
The jelly quivers.
You hit the jelly.
Your hands burn!
The jelly hits you but does no damage. 😮 HP[-4]
You take 4 damage, and now have 24/35 hp.
You are too injured to fight recklessly!
You are too injured to fight recklessly!
You are too injured to fight recklessly!
You are too injured to fight recklessly!
You are too injured to fight recklessly!
You completely miss the jelly. The jelly hits you.
You are splashed with acid.
* * * LOW HITPOINT WARNING * * *
The jelly barely misses you. 😨 HP[-7]
You take 7 damage, and now have 17/35 hp.
You hit the jelly but do no damage. The acid corrodes you!
Your hands burn!
* * * LOW HITPOINT WARNING * * *
The jelly barely misses you. 😨 HP[-3]
You take 3 damage, and now have 14/35 hp.
You hit the jelly.
Your hands burn!
* * * LOW HITPOINT WARNING * * *
The jelly barely misses you. 😨 HP[-3]
You take 3 damage, and now have 11/35 hp.
You slash the jelly!
Your hands burn!
* * * LOW HITPOINT WARNING * * *
The jelly hits you.
* * * LOW HITPOINT WARNING * * *
You are splashed with acid!
You die...

Skill      XL: |  1  2  3  4 |
---------------+-------------+-----
Armour         | 1 2 |  2.4
Fighting       | 4 |  4.7
Axes           | 5 |  5.1
Dodging        | |  2.4
Stealth        | |  1.5

Action                   |  1- 3 |  4- 6 || total
-------------------------+-------+-------++-------
Melee: Hand axe          |    82 |    85 ||   167
  Use: Scroll            |       |     1 ||     1
 Stab: Sleeping          |     1 |     2 ||     3
Armor: Robe              |    17 |    10 ||    27
Dodge: Dodged            |    62 |    41 ||   103

Levels and vault maps discovered:
D:1:      ebering_trefoil_3fold, layout_basic, serial_bayou_lake_a
D:2:      layout_basic, chequers_ecumenical_altar_simple
D:3:      layout_basic, uniq_robin, uniq_crazy_yiuf_cottage

Notes
Turn   | Place    | Note
-------+----------+-------------------------------------------
     0 | D:1      | spiderkeys the Hill Orc Monk began the quest for the Orb.
     0 | D:1      | Reached XP level 1. HP: 19/19 MP: 1/1
     0 | D:1      | magus.rc [v1.9.10]
   551 | D:1      | Reached XP level 2. HP: 27/27 MP: 2/2
   708 | D:1      | Reached skill level 1 in Armour
  1005 | D:1      | Reached skill level 4 in Fighting
  1426 | D:2      | HP: 5/27 [bullfrog skeleton (5)]
  1428 | D:2      | Reached XP level 3. HP: 6/34 MP: 3/3
  1431 | D:2      | HP: 1/34 [kobold/+0 dagger (2)]
  1840 | D:2      | Reached skill level 2 in Armour
  1840 | D:2      | Reached XP level 4. HP: 14/41 MP: 4/4
  2209 | D:2      | Reached skill level 5 in Axes
  2705 | D:2      | Found a faded altar of an unknown god.
  3136 | D:3      | Noticed Robin
  3421 | D:3      | HP: 6/35 [acid (5)]
  3421 | D:3      | Splashed by a jelly's acid

Vanquished Creatures
  A bullfrog skeleton (D:2)
  2 adders (D:2)
  A worm (D:2)
  2 dart slugs
  5 bats
  2 endoplasms
  A giant cockroach (D:2)
  5 goblins
  4 hobgoblins
  A quokka (D:2)
  9 ball pythons
  3 frilled lizards
  3 kobolds
  3 rats (D:2)
42 creatures vanquished.

Vanquished Creatures (others)
  3 plants (D:1)
3 creatures vanquished.

Grand Total: 45 creatures vanquished

Table legend:
 A = Non-vault XP
 B = Vault XP
 C = Vault XP percentage of total XP
 D = Non-vault monster count
 E = Vault monster count
 F = Vault count percentage of total count
                 A         B        C        D         E       F
            +---------+---------+-------+---------+---------+-------
      Total |     130 |       7 |   5.1 |      38 |       4 |   9.5
            +---------+---------+-------+---------+---------+-------
        D:1 |      26 |       0 |   0.0 |      14 |       0 |   0.0
        D:2 |      98 |       0 |   0.0 |      22 |       0 |   0.0
        D:3 |       6 |       7 |  53.8 |       2 |       4 |  66.7
            +---------+---------+-------+---------+---------+-------

Illustrated notes

Table legend:
 A = Kills in this place as a percentage of kills in entire the game.
 B = Kills by you in this place as a percentage of kills by you in the entire game.
 C = Kills by friends in this place as a percentage of kills by friends in the entire game.
 D = Other kills in this place as a percentage of other kills in the entire game.
 E = Experience gained in this place as a percentage of experience gained in the entire game.
 F = Experience gained in this place divided by the number of levels of this place that you have seen.
                   A       B       C       D       E      F
               +-------+-------+-------+-------+-------+----------------------
         Total | 100.0 | 100.0 |   N/A |   N/A | 100.0 |  45.7
       Dungeon | 100.0 | 100.0 |   N/A |   N/A | 100.0 |  45.7
               +-------+-------+-------+-------+-------+----------------------

Table legend: (Time is in decaauts)
 A = Elapsed time spent in this place.
 B = Non-inter-level travel time spent in this place.
 C = Inter-level travel time spent in this place.
 D = Time resting spent in this place.
 E = Time spent auto-exploring this place.
 F = Levels seen in this place.
 G = Mean time per level.
                   A        B        C        D        E       F      G
               +--------+--------+--------+--------+--------+-----+--------+
         Total |   3468 |   3363 |    105 |    491 |   2495 |   3 | 1156.0 |
       Dungeon |   3468 |   3363 |    105 |    491 |   2495 |   3 | 1156.0 |
               +--------+--------+--------+--------+--------+-----+--------+

Top non-repeatable levels by time:
     D:2: 1723 daAuts
     D:1: 1422 daAuts
     D:3: 322 daAuts
